 Dungeon Crawl Stone Soup version 0.23.2-33-g5129a83184 (webtiles) character file.

Game seed: 10154679328721282900

1813 Folque the Charmwright (level 8, -9/61 HPs)
             Began as a Centaur Skald on July 8, 2019.
             Mangled by a troll (16 damage)
             ... on level 8 of the Dungeon.
             The game lasted 00:27:34 (8628 turns).

Folque the Charmwright (Centaur Skald)              Turns: 8628, Time: 00:27:35

Health: -9/61      AC:  4    Str: 15    XL:     8   Next: 84%
Magic:  9/21       EV: 10    Int: 17    God:
Gold:   529        SH:  0    Dex:  9    Spells: 2/13 levels left

rFire    . . .     SeeInvis .   y - +0 long sword (holy)
rCold    . . .     Gourm    .   (no shield)
rNeg     . . .     Faith    .   b - +0 leather armour
rPois    .         Spirit   .   (no helmet)
rElec    .         Reflect  .   (no cloak)
rCorr    .         Harm     .   (no gloves)
MR       .....                  (no barding)
Stlth    ..........             (no amulet)
HPRegen  0.20/turn              u - +4 ring of intelligence
MPRegen  0.17/turn              D - ring of magical power

@: very quick
A: large, hooves 3, deformed body, speed 2, tough skin 3
a: no special abilities


You were on level 8 of the Dungeon.
You were very hungry.

You visited 1 branch of the dungeon, and saw 9 of its levels.

You collected 529 gold pieces.

Inventory:

Hand Weapons
 a - a +0 falchion
 g - a cursed -1 dagger
 h - a +0 long sword
 y - a +0 long sword of holy wrath (weapon)
 A - a +2 shortbow of velocity
Missiles
 p - 21 poisoned needles
 v - a throwing net
 B - 22 arrows
 G - a tomahawk (quivered)
Armour
 b - a +0 leather armour (worn)
 j - a scarf of repulsion
Jewellery
 m - a +2 ring of intelligence
 s - an uncursed ring of resist corrosion
 t - an uncursed amulet of rage {unknown}
 u - a +4 ring of intelligence (left hand)
 D - a ring of magical power (right hand)
 F - an uncursed ring of positive energy
Wands
 k - a wand of paralysis (6)
 E - a wand of iceblast (2)
Scrolls
 c - a scroll of enchant weapon {unknown}
 e - 7 scrolls of identify
 f - a scroll of blinking {unknown}
 i - 2 scrolls of amnesia
 l - 2 scrolls of fear {unknown}
 n - 7 scrolls of remove curse
 r - 4 scrolls of teleportation {unknown}
 x - a scroll of enchant armour {unknown}
Potions
 o - a potion of brilliance
 w - a potion of magic {unknown}
 z - a potion of curing
Comestibles
 d - 13 rations


   Skills:
 - Level 2.0 Fighting
 * Level 4.7 Long Blades
 * Level 0.0 Bows
 - Level 3.0 Throwing
 - Level 0.6 Armour
 - Level 4.0 Dodging
 + Level 3.1 Spellcasting
 - Level 3.1 Hexes
 - Level 5.1 Charms
 + Level 2.1 Necromancy
 - Level 3.1 Translocations


You had 2 spell levels left.
You knew the following spells:

 Your Spells              Type           Power        Failure   Level  Hunger
a - Infusion              Chrm           ###.         2%          1    None
b - Shroud of Golubria    Chrm/Tloc      ###.......   6%          2    ##.....
c - Spectral Weapon       Hex/Chrm       ###.....     12%         3    ###....
d - Song of Slaying       Chrm           ###.....     3%          2    ##.....
e - Regeneration          Chrm/Necr      ###.......   14%         3    ###....

Your spell library contained the following spells:

 Spells                   Type           Power        Failure   Level  Hunger


Dungeon Overview and Level Annotations

Branches:
Dungeon (9/15)
 Temple: D:4-7         Lair: D:8-11         Orc: D:9-12

Altars:
Fedhas
Makhleb
Qazlal
Trog
Uskayaw
Yredelemnul

Shops:
D:7 !

Annotations:
D:7 Joseph


Innate Abilities, Weirdness & Mutations

You have hooves in place of feet.
Armour fits poorly on your strangely shaped body.
You cover ground very quickly.
You have extremely tough skin. (AC +3)


Message History

You feel much better.
You barely miss the troll. Your kick misses the troll.
The troll is heavily wounded.
The troll barely misses you. The troll claws you! x2
You hit the troll. You kick the troll!
The troll is severely wounded.
The troll bites you but does no damage. The troll claws you!
The troll barely misses you. The troll bites you.
* * * LOW HITPOINT WARNING * * *
The troll completely misses you. The troll claws you but does no damage.
You feel much better. The troll bites you! The troll claws you.
* * * LOW HITPOINT WARNING * * *
The troll claws you!
* * * LOW HITPOINT WARNING * * *
Evoke which item? (* to show all) (? for menu, Esc to quit)
Aiming: Paralyse
Press: ? - help, Shift-Dir - straight line, f/p - troll
Aim: a troll (severely wounded, chance to defeat MR: 46%)
The troll resists with some effort.
The troll bites you!
You die...

..............##.........# ##..
.#.........#......###...######...
##.........##....## ##.....##....
#..........#...## ##(.###......
#.......#.....## ##..## ##.....
###.....#..##### ##...# ##.....
...#.#...### ##.##.# #......
#.##..#### ###.###.# #......
...##># #@T## #.# #.....# #####.#
#### ### ##..### ### ####


You could see a troll.

Vanquished Creatures
  Psyche (D:8)
  An ice beast (D:6)
  A sky beast (D:9)
  A black bear (D:9)
  3 ogres
  A centaur (D:6)
  A scorpion (D:6)
  3 howler monkeys (D:7)
  A crimson imp (D:5)
  A bullfrog zombie (D:5)
  2 jellies
  A centaur zombie (D:7)
  2 hounds
  A bullfrog skeleton (D:5)
  An orc priest (D:6)
  2 iguanas
  Terence (D:2)
  A worker ant (D:4)
  2 orc wizards
  3 gnolls (D:3)
  13 adders
  A shadow imp (D:7)
  2 oozes
  2 adder skeletons
  4 worms
  3 dart slugs
  2 leopard geckos
  19 orcs
  2 ball pythons
  9 bats
  5 giant cockroaches
  3 goblins
  12 hobgoblins
  16 jackals
  9 kobolds
  2 quokkas
  5 frilled lizards
  11 rats
  A fungus (D:6)
151 creatures vanquished.

Vanquished Creatures (others)
  7 spectral weapons
  3 toadstools (D:6)
10 creatures vanquished.

Grand Total: 161 creatures vanquished

Notes
Turn   | Place    | Note
-------+----------+-------------------------------------------
     0 | D:1      | Folque the Centaur Skald began the quest for the Orb.
     0 | D:1      | Reached XP level 1. HP: 17/17 MP: 3/3
   119 | D:1      | Reached XP level 2. HP: 23/24 MP: 4/4
   126 | D:1      | Learned a level 2 spell: Shroud of Golubria
   145 | D:1      | Reached skill level 3 in Charms
   328 | D:1      | Reached XP level 3. HP: 12/29 MP: 0/5
  1257 | D:2      | Learned a level 3 spell: Spectral Weapon
  1312 | D:2      | Reached XP level 4. HP: 30/36 MP: 0/7
  1581 | D:2      | Found a hide-covered altar of Uskayaw.
  1718 | D:2      | Found a blossoming altar of Fedhas.
  1720 | D:2      | Found a basalt altar of Yredelemnul.
  1832 | D:3      | Noticed Terence
  1930 | D:2      | Killed Terence
  1934 | D:2      | Learned a level 2 spell: Song of Slaying
  1947 | D:3      | Reached XP level 5. HP: 32/41 MP: 1/9
  2288 | D:3      | Reached skill level 4 in Charms
  2559 | D:3      | Reached XP level 6. HP: 43/48 MP: 10/10
  2857 | D:3      | Reached skill level 1 in Hexes
  3428 | D:4      | Found a stormy altar of Qazlal.
  3901 | D:5      | Entered Level 5 of the Dungeon
  4052 | D:5      | Reached XP level 7. HP: 15/55 MP: 5/11
  4650 | D:5      | Found a burning altar of Makhleb.
  4734 | D:6      | Learned a level 3 spell: Regeneration
  5102 | D:6      | Reached skill level 1 in Throwing
  5590 | D:6      | Reached skill level 5 in Charms
  6011 | D:6      | Found a bloodstained altar of Trog.
  6226 | D:7      | Found Jadatak's Distillery.
  6322 | D:7      | Reached XP level 8. HP: 51/61 MP: 10/12
  6534 | D:7      | Reached skill level 1 in Translocations
  6654 | D:7      | Noticed Joseph
  6662 | D:7      | You fall through a shaft for 2 floors!
  6903 | D:9      | HP: 1/61 [something (6)]
  6920 | D:9      | Reached skill level 1 in Necromancy
  7131 | D:9      | Noticed a troll
  8161 | D:8      | Noticed Psyche
  8190 | D:8      | Killed Psyche
  8525 | D:9      | Noticed a troll
  8597 | D:8      | HP: 1/61 [troll (13)]
  8628 | D:8      | Mangled by a troll

Skill      XL: |  1  2  3  4  5  6  7  8 |
---------------+-------------------------+-----
Long Blades    | 2 3 4 |  4.7
Charms         | 3 4 5 |  5.1
Spellcasting   | 2 3 |  3.1
Hexes          | 2 3 |  3.1
Throwing       | 2 3 |  3.0
Dodging        | 2 4 |  4.0
Translocations | 3 |  3.1
Necromancy     | 2 |  2.1
Fighting       | |  2.0
Armour         | |  0.6

Action                   |  1- 3 |  4- 6 |  7- 9 || total
-------------------------+-------+-------+-------++-------
Melee: Falchion          |   103 |    52 |       ||   155
       Kick              |    17 |    26 |    27 ||    70
       Long sword        |       |   133 |   128 ||   261
 Fire: Shortbow          |       |       |    22 ||    22
Throw: Tomahawk          |       |       |     4 ||     4
       Throwing net      |       |       |     1 ||     1
 Cast: Infusion          |     7 |     9 |    10 ||    26
       Shroud of Golubri |     1 |     6 |    13 ||    20
       Spectral Weapon   |       |    11 |    17 ||    28
       Song of Slaying   |       |     5 |     5 ||    10
       Regeneration      |       |       |     4 ||     4
Evoke: Wand              |       |       |     2 ||     2
  Use: Potion            |       |     3 |     3 ||     6
       Scroll            |       |     4 |     1 ||     5
  Eat: Chunk             |     1 |     9 |    12 ||    22
       Ration            |       |       |     1 ||     1
Armor: Leather armour    |    52 |    70 |    41 ||   163
Dodge: Dodged            |    51 |    94 |    86 ||   231
       Rpst.: Falchion   |    16 |     8 |       ||    24
       Long sword        |       |    23 |    28 ||    51
